[Event "Team 45 45 League T64"]
[Site "Internet Chess Club"]
[Date "2015.03.24"]
[Round "3"]
[White "Bubacik"]
[Black "Intemperate"]
[Result "1-0"]
[WhiteElo "2191"]
[BlackElo "1974"]
[Opening "Queen's pawn: English defense"]
[ECO "A40"]
[Time "10:30:13"]
[TimeControl "2700+45"]

1. d4 b6 2. e4 c5 3. Nf3 cxd4 4. Nxd4 Nc6 5. Nc3 Bb7 6. Bf4 e6 7. Ncb5 e5 8.
Nxc6 dxc6 9. Bxe5 cxb5 10. Bxb5+ Ke7 11. Qf3 Qc8 12. O-O-O f6 13. Qa3+ Kf7 14.
Qb3+ Kg6 15. Qg3+ Kf7 16. Rd7+ Be7 17. Qb3+ Kf8 18. Bd6 Bxe4 19. Re1 f5 20. Rxe4
Qxd7 21. Bxd7 fxe4 22. Qe6 Rd8 23. Bc7 Rxd7 24. Qxd7 Nf6 25. Qc8+ Ne8 26. Bd8
Bxd8 27. Qxd8 h5 28. Qa8 a5 29. Qxe4 Rh6 30. Qf3+ Kg8 31. h3 h4 32. a3 Rf6 33.
Qe4 Kf7 34. Qxh4 Nd6 35. g4 b5 36. g5 Re6 37. f4 g6 38. Qh7+ Ke8 39. b3 a4 40.
h4 axb3 41. cxb3 Ne4 42. h5 Nc3 43. hxg6 Ne2+ 44. Kd2 Re7 45. Qxe7+ Kxe7 46.
Kxe2 Ke6 47. f5+ Ke7 48. f6+ Kf8 49. a4 bxa4 50. bxa4 Ke8 51. a5 Kd7 52. a6 Ke6
53. a7 Kf5 54. g7 Kg4 55. g6 Kg5 56. f7 Kh6 57. g8=Q Kg5 58. a8=Q Kh6 59. f8=Q+
Kg5 60. Qh8 {Black resigns} 1-0

[Event "Team 45 45 League T64"]
[Site "Internet Chess Club"]
[Date "2015.03.18"]
[Round "3"]
[White "RazorBladeTeddy"]
[Black "Woss"]
[Result "0-1"]
[WhiteElo "2010"]
[BlackElo "2206"]
[Opening "Catalan: closed, main line"]
[ECO "E09"]
[Time "12:01:16"]
[TimeControl "2700+45"]

1. d4 d5 2. c4 e6 3. Nf3 Nf6 4. g3 Nbd7 5. Bg2 Be7 6. O-O c6 7. Qc2 O-O 8. Nbd2
b6 9. e4 dxe4 10. Nxe4 Bb7 11. Rd1 Qc8 12. Bf4 Nxe4 13. Qxe4 Nf6 14. Qe2 Re8 15.
Bh3 h6 16. Ne5 Bf8 17. Qf3 c5 18. d5 Qc7 19. Ng4 Qe7 20. Re1 Nxg4 21. Qxg4 g5
22. dxe6 f5 23. Qh5 gxf4 24. Re5 Bg7 25. Rxf5 Qxe6 26. Rf8+ Kxf8 27. Bxe6 Rxe6
28. Qf5+ Rf6 29. Qd7 Rf7 30. Qd6+ Kg8 31. Re1 fxg3 32. hxg3 Raf8 33. f4 Bf6
{White resigns} 0-1

[Event "Team 45 45 League T64"]
[Site "Internet Chess Club"]
[Date "2015.03.24"]
[Round "3"]
[White "perikitosax"]
[Black "hangingpawns"]
[Result "1/2-1/2"]
[WhiteElo "2041"]
[BlackElo "2048"]
[Opening "Queen's pawn game, Darooha variation "]
[ECO "D11"]
[Time "11:04:07"]
[TimeControl "2700+45"]

1. d4 d5 2. Nf3 Nf6 3. c4 c6 4. Qc2 e6 5. g3 Be7 6. Bg2 O-O 7. O-O b6 8. Nbd2 c5
9. dxc5 bxc5 10. cxd5 exd5 11. Nb3 Nbd7 12. Bf4 Bb7 13. Rfd1 Qb6 14. Ne5 Rfd8
15. Rac1 c4 16. Nd4 Bc5 17. e3 Nxe5 18. Bxe5 Nd7 19. Bf4 Bf8 20. b3 Rac8 21.
bxc4 Rxc4 22. Qb3 Rb4 23. Qd3 Nc5 24. Qe2 Rb2 25. Rc2 Rxc2 26. Qxc2 Rc8 27. Bh3
Ne6 28. Qb3 Re8 29. Nxe6 Qxb3 30. axb3 fxe6 31. Be5 Kf7 32. Rc1 Rc8 33. Rxc8
Bxc8 34. Bf1 Bb4 35. Bd3 g6 36. Bd4 a5 37. f4 Bd7 {Game drawn by mutual
agreement} 1/2-1/2

[Event "Team 45 45 League T64"]
[Site "Internet Chess Club"]
[Date "2015.03.22"]
[Round "3"]
[White "ahxm"]
[Black "Gojira"]
[Result "0-1"]
[WhiteElo "1425"]
[BlackElo "1779"]
[Opening "Sicilian: accelerated fianchetto, modern variation"]
[ECO "B34"]
[Time "21:00:27"]
[TimeControl "2700+45"]

1. e4 c5 2. Nf3 Nc6 3. d4 cxd4 4. Nxd4 g6 5. Nc3 Bg7 6. Be3 Nf6 7. Be2 O-O 8.
Qd2 d5 9. exd5 Nxd5 10. Nxd5 Qxd5 11. O-O Nxd4 12. Bxd4 Qxd4 13. Qxd4 Bxd4 14.
c3 Bb6 15. Rab1 Bf5 16. Rbd1 Rad8 17. Bf3 Bc8 18. Rfe1 Rxd1 19. Rxd1 Rd8 20. h3
Rxd1+ 21. Bxd1 Bd7 22. Bf3 Bc6 23. Bxc6 bxc6 24. Kf1 e5 25. f3 f5 26. Ke2 Kf7
27. Kd3 Ke6 28. c4 a5 29. b3 Kd6 30. Kc3 Bd4+ 31. Kd3 Kc5 32. Kc2 Kb4 33. Kb1 a4
34. bxa4 Kxc4 35. a5 Kb5 36. Kc2 c5 37. Kb3 c4+ 38. Kc2 c3 39. Kb3 e4 40. fxe4
fxe4 41. Kc2 Kxa5 42. g4 g5 43. Kd1 Ka4 44. Ke2 Ka3 45. Kd1 Kb2 46. a4 c2+ 47.
Ke2 c1=Q 48. a5 Kc3 49. a6 Qe3+ 50. Kf1 Qf2# {White checkmated} 0-1

[Event "Team 45 45 League T64"]
[Site "Internet Chess Club"]
[Date "2015.03.21"]
[Round "3"]
[White "az2112"]
[Black "anishio"]
[Result "1-0"]
[WhiteElo "1627"]
[BlackElo "1636"]
[Opening "Giuoco Piano"]
[ECO "C50"]
[Time "12:00:39"]
[TimeControl "2700+45"]

1. e4 e5 2. Nf3 Nc6 3. Bc4 Bc5 4. O-O Nf6 5. d3 h6 6. Be3 Bxe3 7. fxe3 d6 8. Qe1
Qe7 9. c3 Be6 10. Bb5 Bd7 11. Nbd2 a6 12. Ba4 b5 13. Bb3 Na5 14. Bc2 c5 15. Nh4
Nc6 16. Nf5 Bxf5 17. Rxf5 g6 18. Rf3 Rc8 19. Qf2 Nd7 20. Rf1 O-O 21. Bb3 Nd8 22.
Qg3 Kg7 23. d4 c4 24. Bd1 Ne6 25. R3f2 Qg5 26. Qh3 Rcd8 27. Bg4 Qe7 28. Qg3 f6
29. h4 Nb6 30. Bh5 Qe8 31. Qg4 Nd7 32. Bxg6 Qxg6 33. Qxe6 Nb6 34. Qe7+ Qf7 35.
Qxf7+ Rxf7 36. h5 Re8 37. Nf3 exd4 38. Nxd4 Nc8 39. Nf5+ Kh7 40. Rf4 Rg8 41. Nh4
Rg5 42. Rxf6 Rxf6 43. Rxf6 Rxh5 44. Nf5 a5 45. Nxd6 Nxd6 46. Rxd6 Re5 47. Rd5
Rxd5 48. exd5 Kg6 49. Kf2 b4 50. e4 Kf6 51. Ke3 Ke5 52. g4 b3 53. a4 {Black
resigns} 1-0

[Event "Team 45 45 League T64"]
[Site "Internet Chess Club"]
[Date "2015.03.22"]
[Round "3"]
[White "bhxm"]
[Black "Chess-Boy"]
[Result "0-1"]
[WhiteElo "1418"]
[BlackElo "1662"]
[Opening "Ruy Lopez: closed defense"]
[ECO "C84"]
[Time "16:30:22"]
[TimeControl "2700+45"]

1. e4 e5 2. Nf3 Nc6 3. Bb5 a6 4. Ba4 Nf6 5. O-O Be7 6. Nc3 b5 7. Bb3 d6 8. d3
O-O 9. Nd5 Na5 10. Nxf6+ Bxf6 11. Be3 Nxb3 12. axb3 c5 13. Qe2 Bb7 14. Rae1 Rc8
15. h3 c4 16. dxc4 bxc4 17. bxc4 Bxe4 18. c3 Qd7 19. Ng5 Bb7 20. Qd3 Bxg5 21.
Bxg5 Qc6 22. Qg3 f6 23. Bh6 Rf7 24. Re3 Kh8 25. Rf3 gxh6 26. Qh4 Rg8 27. Rg3
Rxg3 28. Qg4 Qxg2# {White checkmated} 0-1

[Event "Team 45 45 League T64"]
[Site "Internet Chess Club"]
[Date "2015.03.19"]
[Round "3"]
[White "dabodhi"]
[Black "chessnow"]
[Result "0-1"]
[WhiteElo "1370"]
[BlackElo "1821"]
[Opening "Scotch gambit"]
[ECO "C44"]
[Time "21:37:50"]
[TimeControl "2700+45"]

1. e4 e5 2. Nf3 Nc6 3. d4 exd4 4. Bc4 Bb4+ 5. c3 dxc3 6. bxc3 Bc5 7. Bxf7+ Kxf7
8. Qd5+ Ke8 9. Qxc5 d6 10. Qb5 a6 11. Qd3 Nf6 12. O-O Rf8 13. Bg5 h6 14. Bd2 Kf7
15. Na3 Be6 16. Rfe1 Ne5 17. Qe2 Kg8 18. Bf4 Nxf3+ 19. Qxf3 g5 20. Bg3 Ng4 21.
Qe2 Qf6 22. h3 Ne5 23. Bxe5 Qxe5 24. c4 Rae8 25. Nc2 Bf7 26. Rad1 Qc3 27. f3
Qxc4 28. Qf2 Qxa2 29. Ra1 Qc4 30. Ne3 Qc5 31. Qg3 Qe5 32. f4 Qxf4 33. Qxf4 gxf4
34. Nf5 Kh7 35. Rac1 c6 36. Nxd6 Re7 37. e5 Bd5 38. Kf2 Rg8 39. Ne4 Bxe4 40.
Rxe4 Rge8 41. Rc5 Kg6 42. Rxf4 Rxe5 43. Rg4+ Rg5 44. Kf3 Rxg4 45. Kxg4 Re4+ 46.
Kf3 Re6 47. g4 b6 48. Rh5 a5 49. Kf4 Rd6 50. Re5 a4 51. Re8 a3 52. Rg8+ Kh7 53.
Ra8 Rd3 54. h4 b5 55. Kf5 Rd5+ 56. Kf6 Rd6+ 57. Kf5 b4 58. Ra7+ Kg8 59. Ra8+ Kf7
60. Rb8 Rd5+ 61. Ke4 Rb5 62. Ra8 b3 63. Ra7+ Kg6 64. h5+ Kg5 65. Rg7+ Kh4 66.
Rf7 Kxg4 67. Rf4+ Kxh5 68. Rf3 b2 69. Rxa3 b1=Q+ 70. Ke3 {White resigns} 0-1

[Event "Team 45 45 League T64"]
[Site "Internet Chess Club"]
[Date "2015.03.19"]
[Round "3"]
[White "Bryant-L"]
[Black "deepfort"]
[Result "1/2-1/2"]
[WhiteElo "1716"]
[BlackElo "1478"]
[Opening "Sicilian: Pelikan (Lasker/Sveshnikov) variation"]
[ECO "B33"]
[Time "09:30:42"]
[TimeControl "2700+45"]

1. e4 c5 2. Nf3 Nc6 3. d4 cxd4 4. Nxd4 Nf6 5. Nc3 e5 6. Nf3 d6 7. Bc4 Be7 8. h3
O-O 9. O-O a6 10. a4 Kh8 11. Ng5 Kg8 12. Be3 h6 13. Nf3 Nh7 14. Nd5 Be6 15. Bb6
Qd7 16. a5 Ng5 17. Nxg5 Bxg5 18. c3 Kh8 19. Qc2 f5 20. f3 fxe4 21. fxe4 Bxd5 22.
Bxd5 Bf4 23. Rad1 Rac8 24. Qb3 Rf6 25. Rd3 Bh2+ 26. Kxh2 Rxf1 27. Be6 Qe8 28.
Bxc8 Qxc8 29. Rxd6 Qf8 30. Rd1 Qf4+ 31. g3 Rf2+ 32. Bxf2 Qxf2+ 33. Kh1 Qf3+ 34.
Kg1 Qxg3+ 35. Kf1 Qf3+ {Game drawn by mutual agreement} 1/2-1/2

[Event "Team 45 45 League T64"]
[Site "Internet Chess Club"]
[Date "2015.03.18"]
[Round "3"]
[White "Constrictor"]
[Black "ToniMostarda"]
[Result "1-0"]
[WhiteElo "1673"]
[BlackElo "1703"]
[Opening "Queen's pawn game, Chigorin variation"]
[ECO "A04"]
[Time "20:00:16"]
[TimeControl "2700+45"]

1. Nf3 Nc6 2. d4 d5 3. c4 Bg4 4. Qa4 Bxf3 5. exf3 e6 6. Nc3 Ne7 7. cxd5 exd5 8.
Bb5 a6 9. Bxc6+ Nxc6 10. O-O Qd7 11. Qb3 O-O-O 12. Bf4 Nxd4 13. Qd1 Ne6 14. Bg3
Bb4 15. Rc1 Bxc3 16. Rxc3 d4 17. Rc4 Qb5 18. Qc1 Rd7 19. a4 Qb3 20. Re1 Rhd8 21.
Rxe6 {Black resigns} 1-0

[Event "Team 45 45 League T64"]
[Site "Internet Chess Club"]
[Date "2015.03.21"]
[Round "3"]
[White "idjit"]
[Black "elessar"]
[Result "1-0"]
[WhiteElo "1630"]
[BlackElo "1572"]
[Opening "Sicilian: Kan, Maróczy bind (Réti variation)"]
[ECO "B41"]
[Time "15:30:29"]
[TimeControl "2700+45"]

1. e4 c5 2. Nf3 e6 3. d4 cxd4 4. Nxd4 a6 5. c4 Nf6 6. Nc3 Bb4 7. Bd2 O-O 8. Bd3
Nc6 9. Nxc6 dxc6 10. Qc2 e5 11. a3 Bxc3 12. Bxc3 Qe7 13. O-O Re8 14. f4 Ng4 15.
Rae1 f6 16. h3 Nh6 17. fxe5 fxe5 18. b4 Bd7 19. c5 Rad8 20. Bc4+ Be6 21. Bxe5
Bxc4 22. Qxc4+ Kh8 23. Bd6 Qh4 24. Qe2 Rd7 25. Rf4 Qd8 26. Ref1 Ng8 27. Rf8 h6
28. Qa2 {Black resigns} 1-0

[Event "Team 45 45 League T64"]
[Site "Internet Chess Club"]
[Date "2015.03.20"]
[Round "3"]
[White "Hal2001"]
[Black "pokerram"]
[Result "1/2-1/2"]
[WhiteElo "1579"]
[BlackElo "1779"]
[Opening "Sicilian: Grand Prix attack"]
[ECO "B23"]
[Time "09:05:31"]
[TimeControl "2700+45"]

1. e4 c5 2. Nc3 Nc6 3. f4 g6 4. Nf3 Bg7 5. Bb5 Nd4 6. O-O Nxb5 7. Nxb5 d5 8.
exd5 Nf6 9. c4 a6 10. Nc3 O-O 11. d3 e6 12. dxe6 Bxe6 13. Be3 b6 14. d4 Bxc4 15.
Rf2 Ng4 16. Qe1 Nxf2 17. Qxf2 cxd4 18. Nxd4 b5 19. Nc6 Qd7 20. Ne5 Bxe5 21. fxe5
Qf5 22. Qh4 Qh5 23. Qf6 Rfe8 24. Qc6 Qxe5 25. Bh6 Qe6 26. Qc5 Rac8 27. Qd4 Qe5
28. Qb6 Re6 29. Qb7 Rce8 30. h3 Qc5+ 31. Kh2 Qd6+ 32. Kg1 Qg3 33. Bd2 R8e7 34.
Qc8+ Kg7 35. Qc5 Qd3 36. Qg5 Qd4+ 37. Kh1 b4 38. Qh6+ Kg8 39. Rc1 Qg7 40. Qxg7+
Kxg7 41. Na4 Bb5 42. Nc5 Re2 43. Bxb4 R7e3 44. Bc3+ f6 45. Nb3 Bd7 46. Rf1 Bxh3
47. Bxf6+ Kg8 48. gxh3 Rxh3+ 49. Kg1 Rhh2 50. Rc1 Rhg2+ 51. Kh1 Rh2+ 52. Kg1
Rhg2+ 53. Kh1 Rh2+ {Game drawn by mutual agreement} 1/2-1/2

[Event "Team 45 45 League T64"]
[Site "Internet Chess Club"]
[Date "2015.03.23"]
[Round "3"]
[White "bradleyguo175"]
[Black "tornado100"]
[Result "0-1"]
[WhiteElo "1712"]
[BlackElo "1718"]
[Opening "Benkö gambit accepted"]
[ECO "A58"]
[Time "16:39:56"]
[TimeControl "2700+45"]

1. d4 Nf6 2. c4 c5 3. d5 b5 4. cxb5 a6 5. bxa6 g6 6. Nc3 Bxa6 7. g3 d6 8. Bg2
Bg7 9. Nf3 Nbd7 10. O-O O-O 11. Rb1 Qa5 12. Qa4 Qxa4 13. Nxa4 Bxe2 14. Re1 Bxf3
15. Bxf3 Rxa4 16. Rxe7 Ne5 17. Bg2 Nfd7 18. Bh3 Rd8 19. f4 Bf6 20. Bxd7 Nxd7 21.
Re1 Nb6 22. a3 Nxd5 23. b3 Raa8 24. Bb2 Bxb2 25. Rxb2 Rxa3 26. Rd1 Nb4 27. Rbd2
d5 28. Rb1 Rda8 29. Rdd1 Ra2 30. Rdc1 Rc2 31. Rxc2 Nxc2 32. Rc1 Ra1 {White
resigns} 0-1

[Event "Team 45 45 League T64"]
[Site "Internet Chess Club"]
[Date "2015.03.20"]
[Round "3"]
[White "RUPIS"]
[Black "Bizzy-Ketty"]
[Result "0-1"]
[WhiteElo "1570"]
[BlackElo "1542"]
[Opening "Sicilian defense"]
[ECO "B33"]
[Time "10:00:42"]
[TimeControl "2700+45"]

1. e4 c5 2. Nf3 Nc6 3. d4 cxd4 4. Nxd4 Nf6 5. Nc3 e6 6. Bc4 Bb4 7. Nxc6 bxc6 8.
f3 O-O 9. Bd2 d5 10. Bd3 Bb7 11. O-O c5 12. Bg5 h6 13. Bh4 Bxc3 14. bxc3 g5 15.
Bg3 c4 16. Be2 dxe4 17. Bd6 Qb6+ 18. Qd4 Qxd4+ 19. cxd4 Rfc8 20. Be5 Nd7 21. Bg3
f5 22. fxe4 Bxe4 23. c3 Nb6 24. Bf3 Bxf3 25. Rxf3 Nd5 26. Re1 Rc6 27. Be5 g4 28.
Rff1 Nxc3 29. a3 Nd5 30. Rb1 c3 31. Rb7 c2 32. Rc1 a6 33. Rg7+ Kf8 34. Rh7 Rac8
35. Rh8+ Kf7 36. Rh7+ Kg6 37. Rg7+ Kh5 38. h3 Rb6 39. hxg4+ fxg4 40. Kh2 Rb1 41.
Rxc2 Rxc2 42. Kg3 {White resigns} 0-1

[Event "Team 45 45 League T64"]
[Site "Internet Chess Club"]
[Date "2015.03.20"]
[Round "3"]
[White "MasterD"]
[Black "Bible-Believer"]
[Result "0-1"]
[WhiteElo "1448"]
[BlackElo "1553"]
[Opening "Sicilian: closed"]
[ECO "B23"]
[Time "17:01:04"]
[TimeControl "2700+45"]

1. e4 c5 2. Nc3 e6 3. f4 d5 4. e5 Nc6 5. Bb5 Bd7 6. Nf3 a6 7. Bxc6 Bxc6 8. O-O
Ne7 9. d4 Qb6 10. dxc5 Qxc5+ 11. Qd4 Nf5 12. Qxc5 Bxc5+ 13. Kh1 O-O 14. Re1 Rac8
15. g4 Nd4 16. Nxd4 Bxd4 17. Ne2 Bf2 18. Rf1 d4# {White checkmated} 0-1

[Event "Team 45 45 League T64"]
[Site "Internet Chess Club"]
[Date "2015.03.22"]
[Round "3"]
[White "ticopatzer"]
[Black "Schachteufel"]
[Result "1-0"]
[WhiteElo "1739"]
[BlackElo "1709"]
[Opening "Scandinavian: Kiel variation"]
[ECO "B01"]
[Time "12:00:40"]
[TimeControl "2700+45"]

1. e4 d5 2. exd5 Nf6 3. d4 Nxd5 4. c4 Nb4 5. a3 N4c6 6. Nf3 Bg4 7. Be2 e6 8. O-O
Be7 9. d5 exd5 10. cxd5 Bxf3 11. Bxf3 Ne5 12. Re1 Qd6 13. Bf4 Nbd7 14. Bg4 f6
15. Nc3 O-O 16. Nb5 Qb6 17. Bxd7 Nxd7 18. Rxe7 Qxb5 19. Qg4 Rf7 20. Rxf7 Kxf7
21. Qe6+ Kg6 22. Re1 Nc5 23. Qg4+ Kf7 24. Bxc7 Re8 25. Qh5+ Kf8 26. Bd6+ {Black
resigns} 1-0

[Event "Team 45 45 League T64"]
[Site "Internet Chess Club"]
[Date "2015.03.18"]
[Round "3"]
[White "GregoryViking"]
[Black "rayonline53"]
[Result "0-1"]
[WhiteElo "1557"]
[BlackElo "1480"]
[Opening "French: advance, Paulsen attack"]
[ECO "C02"]
[Time "16:31:42"]
[TimeControl "2700+45"]

1. e4 e6 2. d4 d5 3. e5 c5 4. c3 Nc6 5. Nf3 Qb6 6. Be2 Bd7 7. O-O Rc8 8. dxc5
Bxc5 9. Nbd2 Qc7 10. Nb3 Nxe5 11. Nxe5 Qxe5 12. Nxc5 Rxc5 13. Be3 Rc8 14. Bxa7
Nf6 15. Bd4 Qc7 16. Re1 O-O 17. Bxf6 gxf6 18. Qd4 Qe5 19. Qxe5 fxe5 20. f3 f5
21. Rad1 e4 22. fxe4 fxe4 23. Rf1 Kg7 24. Bg4 b5 25. Rd4 Rxf1+ 26. Kxf1 Kf6 27.
Rb4 Kg5 28. Be2 Ra8 29. Bxb5 Bxb5+ 30. Rxb5 Rxa2 31. c4 Kf4 32. c5 d4 33. c6 d3
34. g3+ Kf3 35. Ke1 e3 {White resigns} 0-1

[Event "Team 45 45 League T64"]
[Site "Internet Chess Club"]
[Date "2015.03.21"]
[Round "3"]
[White "evan7284"]
[Black "krysto"]
[Result "0-1"]
[WhiteElo "1636"]
[BlackElo "1638"]
[Opening "Queen's pawn: Torre attack"]
[ECO "A46"]
[Time "13:00:42"]
[TimeControl "2700+45"]

1. d4 Nf6 2. Nf3 e6 3. Bg5 c5 4. e3 Qb6 5. Bxf6 Qxb2 6. Bxg7 Bxg7 7. Nbd2 cxd4
8. exd4 Bxd4 9. Nxd4 Qxd4 10. Bd3 b6 11. Nf3 Qc3+ 12. Nd2 Bb7 13. O-O Nc6 14.
Ne4 Qa3 15. Nf6+ Ke7 16. Nxh7 Ne5 17. Qh5 Rag8 18. Qh4+ Kd6 19. Qd4+ Bd5 20. Kh1
Rxg2 21. Be4 Rg4 22. f3 Rh4 23. f4 Ng4 24. Bxd5 Rxh2+ 25. Kg1 exd5 26. c3 R8xh7
27. Rf3 Rh1+ 28. Kg2 Qb2+ 29. Kg3 Qh2+ {White resigns} 0-1

[Event "Team 45 45 League T64"]
[Site "Internet Chess Club"]
[Date "2015.03.21"]
[Round "3"]
[White "Berke"]
[Black "losscause"]
[Result "1/2-1/2"]
[WhiteElo "1525"]
[BlackElo "1601"]
[Opening "Caro-Kann: exchange, Rubinstein variation"]
[ECO "B13"]
[Time "17:00:42"]
[TimeControl "2700+45"]

1. e4 c6 2. d4 d5 3. exd5 cxd5 4. Bd3 Nf6 5. Bf4 Nc6 6. c3 Bg4 7. Qb3 Na5 8.
Qa4+ Bd7 9. Qc2 Qb6 10. a4 Rc8 11. Qe2 Nb3 12. Ra2 e6 13. Nf3 Nh5 14. Be3 Nf6
15. O-O Bd6 16. Ne5 a6 17. Nd2 Nxd2 18. Qxd2 Qc7 19. f4 b5 20. axb5 Bxb5 21.
Bxb5+ axb5 22. Qd3 Rb8 23. Rfa1 O-O 24. Ra7 Rb7 25. Rxb7 Qxb7 26. Ra5 Rb8 27. b4
Bxe5 28. fxe5 Ne4 29. Bc1 Qc6 30. Bb2 f6 31. exf6 Nxf6 {Game drawn by mutual
agreement} 1/2-1/2

[Event "Team 45 45 League T64"]
[Site "Internet Chess Club"]
[Date "2015.03.23"]
[Round "3"]
[White "Regista"]
[Black "ArturitoGalacti"]
[Result "1-0"]
[WhiteElo "2269"]
[BlackElo "2005"]
[Opening "Caro-Kann: two knights, 3...Bg4"]
[ECO "B11"]
[Time "19:30:52"]
[TimeControl "2700+45"]

1. e4 c6 2. Nc3 d5 3. Nf3 Bg4 4. h3 Bxf3 5. Qxf3 e6 6. d4 dxe4 7. Qxe4 Nf6 8.
Qh4 Qc7 9. Bd3 Nbd7 10. O-O Bd6 11. Ne4 Nxe4 12. Qxe4 Nf6 13. Qh4 O-O-O 14. Bg5
Be7 15. c3 h6 16. Bxf6 Bxf6 17. Qe4 g5 18. f4 gxf4 19. Qxf4 Qxf4 20. Rxf4 Bg5
21. Rxf7 c5 22. Be4 Be3+ 23. Kf1 Rhf8 24. Bxb7+ Kb8 25. Rxf8 Rxf8+ 26. Bf3 cxd4
27. Ke2 e5 28. Kd3 Kc7 29. b4 Kd6 30. c4 Rb8 31. Rb1 Bf4 32. c5+ Kc7 33. b5 Bg5
34. a4 Be7 35. Kc4 Bf8 36. a5 Kd7 37. b6 a6 38. c6+ Kd6 39. c7 Re8 40. Bg4
{Black resigns} 1-0

[Event "Team 45 45 League T64"]
[Site "Internet Chess Club"]
[Date "2015.03.21"]
[Round "3"]
[White "SlimeDog2"]
[Black "Pomberito"]
[Result "0-1"]
[WhiteElo "2020"]
[BlackElo "2085"]
[Opening "Queen's Indian: Petrosian system"]
[ECO "E12"]
[Time "14:23:36"]
[TimeControl "2700+45"]

1. d4 Nf6 2. c4 e6 3. Nf3 b6 4. a3 Bb7 5. Nc3 d5 6. Bg5 Be7 7. e3 O-O 8. Rc1
Nbd7 9. cxd5 exd5 10. Be2 c5 11. O-O h6 12. Bf4 a6 13. Ne5 Rc8 14. Bf3 c4 15. g4
b5 16. h4 Ne4 17. Nxd7 Nxc3 18. Rxc3 Qxd7 19. g5 hxg5 20. hxg5 Qd8 21. g6 fxg6
22. Bg4 Rc6 23. Kg2 Bg5 24. Bg3 Bc8 25. f4 Bf6 26. Rh1 Kf7 27. Bf3 Bf5 28. Kf2
Rd6 29. Rh2 Qe7 30. Qh1 Be4 31. Bxe4 Qxe4 32. Qxe4 dxe4 33. Bh4 Rh8 34. Bg3
Rxh2+ 35. Bxh2 Rd8 36. Rc1 Ke6 37. Bg3 Rc8 38. Ke2 Kd5 39. Be1 Rh8 40. Bg3 a5
41. Kd2 Rh3 42. Rg1 b4 43. axb4 axb4 44. Be1 Rh2+ 45. Kc1 c3 46. bxc3 b3 {White
resigns} 0-1

[Event "Team 45 45 League T64"]
[Site "Internet Chess Club"]
[Date "2015.03.22"]
[Round "3"]
[White "Baseta"]
[Black "jt2000"]
[Result "1/2-1/2"]
[WhiteElo "1860"]
[BlackElo "2150"]
[Opening "English: symmetrical, four knights system"]
[ECO "A30"]
[Time "12:37:37"]
[TimeControl "2700+45"]

1. Nf3 Nf6 2. c4 c5 3. Nc3 Nc6 4. d4 cxd4 5. Nxd4 d6 6. e4 g6 7. Be2 Bg7 8. Be3
O-O 9. Rc1 Bd7 10. O-O a6 11. Qd2 Re8 12. Rfd1 Qa5 13. Nb3 Qd8 14. c5 Be6 15.
cxd6 exd6 16. Qxd6 Qxd6 17. Rxd6 Bxb3 18. axb3 Nxe4 19. Rd7 Nxc3 20. bxc3 Re7
21. Rxe7 Nxe7 22. Rd1 Bxc3 23. Rd7 Nf5 24. Rxb7 Nxe3 25. fxe3 a5 26. Bc4 Rf8
{Game drawn by mutual agreement} 1/2-1/2

[Event "Team 45 45 League T64"]
[Site "Internet Chess Club"]
[Date "2015.03.22"]
[Round "3"]
[White "Goli"]
[Black "isolani"]
[Result "1-0"]
[WhiteElo "1823"]
[BlackElo "1547"]
[Opening "Pirc: Ufimtsev-Pytel variation"]
[ECO "B07"]
[Time "07:32:37"]
[TimeControl "2700+45"]

1. e4 d6 2. d4 Nf6 3. Nc3 c6 4. Bg5 Qa5 5. Bxf6 gxf6 6. a3 Qg5 7. Nf3 Bg4 8.
Nxg5 Bxd1 9. Nxf7 Bxc2 10. Nxh8 Bg7 11. Nf7 Kxf7 12. Bc4+ d5 13. exd5 b5 14. Ba2
e6 15. dxe6+ Ke7 16. O-O Na6 17. Rac1 Bf5 18. Rfe1 Nc7 19. d5 Bh6 20. Rcd1 Bc2
{Black resigns} 1-0

[Event "Team 45 45 League T64"]
[Site "Internet Chess Club"]
[Date "2015.03.21"]
[Round "3"]
[White "HumanTornado"]
[Black "Ptzz"]
[Result "1/2-1/2"]
[WhiteElo "1917"]
[BlackElo "2083"]
[Opening "Sicilian: accelerated fianchetto, Maróczy bind"]
[ECO "B36"]
[Time "10:00:37"]
[TimeControl "2700+45"]

1. c4 c5 2. Nf3 g6 3. d4 cxd4 4. Nxd4 Nc6 5. e4 Nf6 6. Nc3 d6 7. Be2 Nxd4 8.
Qxd4 Bg7 9. Qd3 O-O 10. O-O Be6 11. Bd2 Nd7 12. Rac1 Ne5 13. Qb1 Bxc4 14. Bxc4
Nxc4 15. Bg5 Rc8 16. Nd5 f6 17. Qd3 Ne5 18. Qb3 Rxc1 19. Rxc1 e6 20. Nf4 fxg5
21. Nxe6 Qb6 22. Qxb6 axb6 23. Nxf8 Bxf8 24. Rc7 d5 25. exd5 Bc5 26. Kf1 h5 27.
Rxb7 Nd3 28. f3 Kf8 29. d6 Ke8 30. Rg7 Nxb2 31. Rxg6 g4 32. fxg4 hxg4 33. Rxg4
Bxd6 34. h4 Nd1 35. Re4+ Kf7 36. Rd4 Ne3+ 37. Ke2 Nf5 38. Rg4 Kf6 39. Kf3 Nh6
40. Rc4 Nf7 41. Rc8 Ne5+ 42. Ke4 Ng6 43. Rc6 Ke7 44. Rxb6 Nxh4 45. Rb7+ Ke6 46.
g4 Ng6 47. a4 Ne5 48. a5 Nxg4 49. a6 Bc5 50. a7 Nf6+ 51. Kd3 Bxa7 52. Rxa7 Nd7
53. Kd4 Kd6 54. Ra6+ Kc7 55. Kd5 Nb6+ 56. Kc5 Nd7+ 57. Kb5 Ne5 58. Rh6 Nd7 59.
Kc4 Nb6+ 60. Kb5 Nd7 61. Re6 Nf8 62. Rf6 Nd7 63. Rh6 Nf8 64. Kc5 Nd7+ 65. Kb5
Nf8 66. Kc4 Nd7 67. Kd5 Nb6+ 68. Kc5 Nd7+ 69. Kb5 {Game drawn by repetition}
1/2-1/2

[Event "Team 45 45 League T64"]
[Site "Internet Chess Club"]
[Date "2015.03.22"]
[Round "3"]
[White "Holgate"]
[Black "Gilligan"]
[Result "1/2-1/2"]
[WhiteElo "2032"]
[BlackElo "1961"]
[Opening "Ruy Lopez: modern Steinitz defense, 5.O-O"]
[ECO "C72"]
[Time "16:00:37"]
[TimeControl "2700+45"]

1. e4 e5 2. Nf3 Nc6 3. Bb5 a6 4. Ba4 d6 5. O-O Bg4 6. h3 h5 7. d4 b5 8. Bb3 Nxd4
9. hxg4 hxg4 10. Ng5 Nh6 11. Bd5 c6 12. c3 cxd5 13. cxd4 Be7 14. dxe5 Bxg5 15.
Qxd5 Rc8 16. Bxg5 Qxg5 17. Nc3 dxe5 18. Qb7 {Game drawn by mutual agreement}
1/2-1/2

[Event "Team 45 45 League T64"]
[Site "Internet Chess Club"]
[Date "2015.03.21"]
[Round "3"]
[White "willhelm"]
[Black "Tobiasdelmonte"]
[Result "1/2-1/2"]
[WhiteElo "1926"]
[BlackElo "1792"]
[Opening "QGD: Tarrasch, Prague variation, Normal position"]
[ECO "D34"]
[Time "08:01:01"]
[TimeControl "2700+45"]

1. d4 d5 2. Nf3 Nf6 3. c4 e6 4. Nc3 c5 5. cxd5 exd5 6. g3 Nc6 7. Bg2 Be7 8. O-O
O-O 9. Bf4 h6 10. Rc1 c4 11. Ne5 Be6 12. Nxc6 bxc6 13. e4 Nxe4 14. Nxe4 dxe4 15.
Bxe4 Qb6 16. Qe2 Rac8 17. Rfd1 Rfd8 18. Be3 Qa5 19. Bb1 Bf6 20. a3 Qd5 21. Ba2
Bh3 22. f3 Re8 23. Bxc4 Qh5 24. Qf2 Bd7 25. Bf1 Rb8 26. Rc5 g5 27. b4 Re7 28.
Bc1 Rbe8 29. Bb2 Re3 30. Rc3 R3e7 31. Rc5 Re3 32. Rc3 R3e7 33. Rc5 Qg6 34. Rdc1
Qg7 35. R5c2 Re3 36. Rd2 R8e7 37. Bd3 Kh8 38. Be4 Rb3 39. Rcc2 g4 40. Rd3 Rxd3
41. Bxd3 gxf3 42. Bf1 Qg4 43. h3 Qe4 44. Kh2 Be6 45. Rc1 Bd5 46. Rd1 Bg5 47. Bc1
Bxc1 48. Rxc1 Qe3 49. Qxe3 Rxe3 50. a4 Ra3 51. b5 Ra2+ 52. Kg1 cxb5 53. axb5 Rd2
54. Ra1 Rxd4 55. Kf2 Rd2+ 56. Ke3 Rb2 57. Rxa7 Rb1 58. Kf2 Rb2+ 59. Ke3 Rb3+ 60.
Kf2 Kg7 61. Ra2 f5 62. Rd2 Be4 63. Bc4 Rb4 64. Bf1 Kf6 65. h4 Ke5 66. Ra2 f4 67.
g4 Kd4 68. g5 hxg5 69. hxg5 Ke5 70. Bh3 Rxb5 71. Bg4 Rb3 72. Ra5+ Kd4 73. Ra2
Ke5 74. Ra5+ Kd6 75. Ra2 Ke7 76. Ra7+ Kf8 77. Ra2 Kg7 78. Bh5 Rc3 79. Ra7+ Kf8
80. Ra2 Rd3 81. Rb2 Kg7 82. Ra2 Bd5 83. Rb2 Be4 84. Ra2 Bd5 85. Rb2 Ra3 86. Rd2
Bc6 87. Rc2 Be4 88. Rd2 Rc3 89. Rd7+ Kf8 90. Rd2 Bc6 91. Ra2 Rc1 92. Bxf3 Bxf3
93. Kxf3 Rf1+ 94. Kg2 Rb1 95. Ra4 Rb5 96. Rxf4+ Kg7 {Game drawn by mutual
agreement} 1/2-1/2